 Dungeon Crawl Stone Soup version 0.17.1-1-g73c8601 (webtiles) character file.

316 Nyvrem the Chopper (level 6, -3/47 HPs)
             Began as a Demonspawn Fighter on Dec 20, 2015.
             Slain by Crazy Yiuf
             ... wielding a +4 quarterstaff of chaos
              (13 damage)
             ... on level 4 of the Dungeon.
             The game lasted 00:11:15 (3798 turns).

Nyvrem the Chopper (Demonspawn Fighter)             Turns: 3798, Time: 00:11:15

Health: -3/47      AC: 10    Str: 18      XL:     6   Next: 20%
Magic:  6/6        EV:  5    Int:  7 (9)  God:
Gold:   272        SH:  9    Dex: 13      Spells: 0 memorised, 5 levels left

rFire  . . .     SeeInvis .     a - +0 war axe
rCold  . . .     Clarity  .     f - +0 chain mail
rNeg   . . .     SustAt   .     c - +0 shield
rPois  .         Gourm    .     v - +0 helmet
rElec  .         Spirit   .     (no cloak)
rCorr  .         Warding  .     (no gloves)
rMut   .         Stasis   .     (no boots)
MR     .....                    (no amulet)
Stlth  ..........               (no ring)
                                (no ring)

@: not resistant to hostile enchantments, extremely unstealthy
A: claws 1, talons 2, nightstalker 1
a: no special abilities


You were on level 4 of the Dungeon.
You were hungry.

You visited 1 branch of the dungeon, and saw 4 of its levels.

You collected 272 gold pieces.

Inventory:

Hand Weapons
 a - a +0 war axe (weapon)
Armour
 c - a +0 shield (worn)
 f - a +0 chain mail (worn)
 v - a +0 helmet (worn)
Wands
 s - a wand of random effects (24)
Scrolls
 b - 7 scrolls of identify {unknown}
 g - a scroll of fog {unknown}
 i - a scroll of blinking {unknown}
 j - 5 scrolls of recharging {unknown}
 k - 3 scrolls of remove curse {unknown}
 m - a scroll of immolation {unknown}
 n - 3 scrolls of enchant weapon {unknown}
 x - a scroll of amnesia {unknown}
 y - a scroll of magic mapping {unknown}
 A - a scroll of enchant armour {unknown}
 B - a scroll of teleportation {unknown}
Potions
 h - a potion of degeneration
 l - 5 potions of haste
 q - a potion of curing
 r - a potion of heal wounds {unknown}
 u - a potion of magic {unknown}
 D - a potion of poison {unknown}
Comestibles
 e - 2 bread rations
 o - a slice of pizza
 t - a beef jerky
 w - 4 fruits
 z - 2 meat rations


   Skills:
 + Level 3.6 Fighting
 + Level 4.6 Axes
 + Level 3.2 Armour
 + Level 3.7 Shields


You had 5 spell levels left.
You didn't know any spells.

Dungeon Overview and Level Annotations

Branches:
Dungeon (4/15)
 Temple: D:4-7

Altars:
Dithmenos

Annotations:
D:4 Crazy Yiuf


Innate Abilities, Weirdness & Mutations

You have sharp fingernails.
You have razor-sharp toenails.
You are slightly more attuned to the shadows.


Message History

It was a potion of curing.
You feel better.
Crazy Yiuf flaps his cloak.
Crazy Yiuf hits you with a quarterstaff of chaos!
The worker ant bites you but does no damage.
You hit Crazy Yiuf.
Crazy Yiuf is heavily wounded.
You slash the worker ant!
The worker ant is heavily wounded.
You block Crazy Yiuf's attack.
The worker ant bites you but does no damage.
You slash Crazy Yiuf! You claw Crazy Yiuf, but do no damage.
Crazy Yiuf is almost dead.
Your shield prevents you from hitting the worker ant.
The worker ant is heavily wounded.
The worker ant bites you but does no damage.
You block Crazy Yiuf's attack. The worker ant bites you.
Crazy Yiuf hits you with a quarterstaff of chaos.
* * * LOW HITPOINT WARNING * * *
You are electrocuted!
You die...

##### ...# ####.
.#####.###### .....
.........g@.#
############.####a#
.............# .#
############## .#
..# ## #.# #.#
########
#.####....#.###
#.##.......#..#


You could see Crazy Yiuf and a worker ant.

Vanquished Creatures
  An orc wizard (D:4)
  A hound (D:4)
  2 orc priests
  A hound skeleton (D:4)
  Robin (D:4)
  6 adders (D:2)
  An ooze (D:3)
  4 worms
  2 giant geckos
  15 orcs
  A giant cockroach (D:2)
  11 goblins
  14 hobgoblins
  3 quokkas
  8 bats
  7 giant newts
  3 jackals (D:3)
  10 kobolds
  10 rats
101 creatures vanquished.

Notes
Turn   | Place    | Note
--------------------------------------------------------------
     0 | D:1      | Nyvrem the Demonspawn Fighter began the quest for the Orb.
     0 | D:1      | Reached XP level 1. HP: 18/18 MP: 1/1
    30 | D:1      | Noticed an ogre
   259 | D:1      | Gained mutation: You are slightly more attuned to the shadows. [demonic ancestry]
   259 | D:1      | Reached XP level 2. HP: 22/24 MP: 2/2
   861 | D:2      | Gained mutation: You have sharp fingernails. [demonic ancestry]
   861 | D:2      | Reached XP level 3. HP: 27/29 MP: 3/3
   884 | D:2      | Found a shadowy altar of Dithmenos.
  1435 | D:2      | Gained mutation: You have sharp toenails. [demonic ancestry]
  1435 | D:2      | Reached XP level 4. HP: 25/35 MP: 4/4
  1452 | D:2      | Reached skill level 4 in Axes
  2243 | D:3      | Gained mutation: You have razor-sharp toenails. [demonic ancestry]
  2243 | D:3      | Reached XP level 5. HP: 39/41 MP: 5/5
  3011 | D:4      | Noticed Robin
  3020 | D:4      | Killed Robin
  3208 | D:4      | Reached XP level 6. HP: 10/47 MP: 6/6
  3209 | D:4      | HP: 1/47 [orc wizard/puff of frost (4)]
  3752 | D:4      | Noticed Crazy Yiuf
  3798 | D:4      | Slain by Crazy Yiuf

Action                   |  1- 3 |  4- 6 || total
-------------------------+-------+-------++-------
Melee: War axe           |   136 |   220 ||   356
  Use: Potion            |       |     4 ||     4
 Stab: Distracted        |       |     1 ||     1
  Eat: Chunk             |     1 |     8 ||     9
